 Dungeon Crawl Stone Soup version 0.22-a0-601-gb0ed703 (webtiles) character file.

11506 vineage the Basher (level 11, -4/83 HPs)
             Began as a Demonspawn Berserker on July 6, 2018.
             Was a High Priest of Trog.
             Killed from afar by a swamp worm (15 damage)
             ... with a harpoon shot
             ... on level 10 of the Dungeon.
             The game lasted 00:16:08 (9887 turns).

vineage the Basher (Demonspawn Berserker)           Turns: 9887, Time: 00:16:08

Health: -4/83      AC: 10    Str: 17    XL:     11   Next: 50%
Magic:  0/11       EV:  9    Int:  9    God:    Trog [*****.]
Gold:   532        SH: 15    Dex: 14    Spells: 10/10 levels left

rFire    . . .     SeeInvis .   w - +0 flail
rCold    . . .     Gourm    .   n - +1 shield
rNeg     . . .     Faith    .   r - +0 scale mail
rPois    +         Spirit   +   (no helmet)
rElec    +         Reflect  .   (no cloak)
rCorr    .         Harm     .   (no gloves)
MR       .....                  (no boots)
Stlth    ..........             s - amulet of guardian spirit
HPRegen  0.23/turn              j - +3 ring of protection
MPRegen  0.12/turn              l - ring of poison resistance

@: heavily drained
A: claws 2, hooves 1, large bone plates 1, demonic guardian 1, deterioration 1,
electricity resistance, spiny 2, weak 1, augmentation 1, MP-powered wands
a: Berserk, Trog's Hand, Brothers in Arms, Renounce Religion


You were on level 10 of the Dungeon.
You worshipped Trog.
Trog was extremely pleased with you.
You were hungry.

You visited 1 branch of the dungeon, and saw 10 of its levels.

You collected 532 gold pieces.

Inventory:

Hand Weapons
 a - a +1 mace
 w - a +0 flail (weapon)
Armour
 b - a +0 animal skin
 n - a +1 shield (worn)
 r - a +0 scale mail (worn)
 D - a +0 pair of boots
Jewellery
 j - a +3 ring of protection (left claw)
 l - a ring of poison resistance (right claw)
 s - an amulet of guardian spirit (around neck)
Wands
 y - a wand of iceblast (11)
 z - a wand of random effects (50)
 C - a wand of acid (18)
 H - a wand of polymorph (8)
Scrolls
 e - 2 scrolls of teleportation
 i - 3 scrolls of blinking {unknown}
 m - 3 scrolls of fog
 o - 2 scrolls of enchant armour
 p - 2 scrolls of identify
 q - a scroll of immolation {unknown}
 u - a scroll of acquirement {unknown}
 v - 5 scrolls of remove curse {unknown}
 x - a scroll of amnesia {unknown}
 E - a scroll of enchant weapon
 F - a scroll of magic mapping {unknown}
Potions
 d - 5 potions of lignification
 f - 4 potions of curing
 g - 3 potions of heal wounds
 h - a potion of ambrosia
 k - 3 potions of brilliance
 t - a potion of haste
 A - a potion of cancellation
 B - 2 potions of berserk rage
 G - a potion of flight {unknown}
Comestibles
 c - 20 rations


   Skills:
 + Level 6.9(5.7) Fighting
 * Level 12.5(11.1) Maces & Flails
 + Level 5.4(4.2) Armour
 + Level 4.6(3.4) Dodging
 + Level 6.9(5.7) Shields


You had 10 spell levels left.
You didn't know any spells.
Your spell library was empty.

Dungeon Overview and Level Annotations

Branches:
Dungeon (10/15)            Temple (0/1) D:5            Lair (0/6) D:10
    Orc: D:9-12

Altars:
Cheibriados
Dithmenos
Fedhas
Gozag
Kikubaaqudgha
Makhleb
Nemelex Xobeh
Qazlal
Ru
Trog
Uskayaw
Vehumet
Yredelemnul
Beogh

Shops:
D:5 (}*:*   D:6 [   D:9 [


Innate Abilities, Weirdness & Mutations

You have very sharp fingernails.
You are partially covered in large bone plates. (SH +4)
A weak demonic guardian rushes to your aid.
You are mostly covered in sharp spines.
Your magical and physical power is slightly enhanced at high health.
You have large cloven feet.
Your body sometimes deteriorates upon taking damage.
You are resistant to electric shocks. (rElec)
You are weak. (Str -2)
You expend magic power (3 MP) to strengthen your wands.


Message History

The swamp worm throws harpoon shot at you.
The harpoon shot hits you!
You are yanked forward by the harpoon shot.
Splash!
The swamp worm bites the plant!
You block the swamp worm's attack.
The swamp worm throws harpoon shot at you.
The harpoon shot hits you!
* * * LOW HITPOINT WARNING * * *
You are yanked forward by the harpoon shot.
Splash!
Your shadow imp completely misses the swamp worm.
The swamp worm is struck by your spines.
The swamp worm bites you!
* * * LOW HITPOINT WARNING * * *
The swamp worm misses you.
The swamp worm bites the plant!!
Your shadow imp barely misses the swamp worm.
The swamp worm throws harpoon shot at you.
The harpoon shot hits you!
You die...

. ### .. ..### ...
....## .( .....##
#.####
......##..###...@##
.......#...≈≈≈≈≈≈≈###
.........≈≈≈≈≈≈≈≈ww5##
........≈≈≈#######≈≈≈#
........≈≈##≈≈≈≈≈#P≈≈#
........≈≈#=≈≈≈≈w≈w≈≈#
.)......≈≈##≈≈≈≈≈#P≈≈#
........≈≈≈#######≈≈≈#
.........≈≈≈≈≈≈≈≈≈≈≈##


You could see 3 swamp worms and a friendly shadow imp.

Vanquished Creatures
  3 two-headed ogres
  Maurice (D:8)
  2 dream sheep (D:9)
  2 hippogriffs
  15 yaks
  A hungry ghost (D:10)
  Menkaure (D:4)
  A swamp worm (D:10)
  Edmund (D:5)
  A water moccasin (D:9)
  2 orc warriors
  A black bear (D:9)
  A phantom (D:4)
  3 ice beasts
  2 necrophages
  7 ogres
  2 centaurs (D:10)
  2 big kobolds (D:9)
  5 bullfrogs
  A gnoll sergeant (D:10)
  10 killer bees (D:10)
  4 scorpions
  A vampire bat (D:5)
  5 wights (D:7)
  A howler monkey (D:6)
  5 crimson imps
  A quasit (D:9)
  4 hounds
  A jelly (D:9)
  4 orc priests
  A gnoll shaman (D:9)
  4 orc wizards
  Jessica (D:2)
  Natasha (twice) (D:4)
  A bullfrog skeleton (D:5)
  3 iguanas
  7 worker ants
  A howler monkey zombie (D:9)
  13 gnolls
  10 adders
  A shadow imp (D:5)
  An ooze (D:2)
  3 adder skeletons
  2 adder zombies
  3 worms
  4 dart slugs
  4 leopard geckos
  41 orcs
  5 bats
  2 bat skeletons (D:5)
  2 bat zombies (D:5)
  14 giant cockroaches
  11 goblins
  4 hobgoblins (D:1)
  2 quokkas
  2 frilled lizards (D:1)
  A jackal skeleton (D:4)
  7 kobolds
  10 rats
252 creatures vanquished.

Vanquished Creatures (collateral kills)
  A two-headed ogre (D:10)
  Sonja (D:10)
  A troll (D:10)
  A yak (D:10)
  An orc warrior (D:9)
  2 eyes of draining (D:3)
  An ice beast (D:7)
  An ogre (D:4)
  A bullfrog (D:8)
  An orc priest (D:7)
  Natasha (D:4)
  A howler monkey zombie (D:5)
  A dart slug (D:3)
  A leopard gecko (D:5)
  4 orcs
19 creatures vanquished.

Vanquished Creatures (others)
  2 plants (D:10)
2 creatures vanquished.

Grand Total: 273 creatures vanquished

Notes
Turn   | Place    | Note
-------+----------+-------------------------------------------
     0 | D:1      | vineage the Demonspawn Berserker began the quest for the Orb.
     0 | D:1      | Reached XP level 1. HP: 18/18 MP: 1/1
    42 | D:1      | Reached skill level 3 in Maces & Flails
   296 | D:1      | Gained mutation: You have sharp fingernails. [demonic ancestry]
   296 | D:1      | Reached XP level 2. HP: 18/24 MP: 2/2
   520 | D:1      | Found a sparkling altar of Nemelex Xobeh.
  1118 | D:1      | Gained mutation: A weak demonic guardian rushes to your aid. [demonic ancestry]
  1118 | D:1      | Reached XP level 3. HP: 29/29 MP: 3/3
  1244 | D:2      | Reached ** piety under Trog
  1701 | D:2      | Noticed Jessica
  1710 | D:2      | Killed Jessica
  1710 | D:2      | Reached skill level 4 in Maces & Flails
  1710 | D:2      | Reached XP level 4. HP: 30/35 MP: 4/4
  1933 | D:2      | Found a sacrificial altar of Ru.
  2685 | D:3      | Found a stormy altar of Qazlal.
  2898 | D:3      | Gained mutation: You are partially covered in large bone plates. (SH +4) [demonic ancestry]
  2898 | D:3      | Reached XP level 5. HP: 35/41 MP: 5/5
  3011 | D:3      | Noticed an eye of draining
  3013 | D:3      | Noticed an eye of draining
  3075 | D:3      | Killed an eye of draining
  3076 | D:3      | Found a bloodstained altar of Trog.
  3082 | D:3      | Killed an eye of draining
  3082 | D:3      | Reached skill level 5 in Maces & Flails
  3082 | D:3      | Reached skill level 1 in Shields
  3082 | D:3      | Reached XP level 6. HP: 48/48 MP: 0/6
  3625 | D:4      | Reached *** piety under Trog
  3647 | D:4      | Noticed Natasha
  3658 | D:4      | Killed Natasha
  3756 | D:4      | Found a snail-covered altar of Cheibriados.
  3790 | D:4      | Noticed Menkaure
  3790 | D:4      | Noticed Natasha
  3798 | D:4      | Killed Natasha
  3802 | D:4      | Killed Menkaure
  3802 | D:4      | Reached skill level 6 in Maces & Flails
  3811 | D:4      | Noticed Natasha
  3816 | D:4      | Killed Natasha
  3816 | D:4      | Gained mutation: You have very sharp fingernails. [demonic ancestry]
  3816 | D:4      | Reached XP level 7. HP: 32/54 MP: 5/7
  4416 | D:4      | Gained mutation: You are weak. (Str -2) [potion of mutation]
  4416 | D:4      | Gained mutation: You evolve. [potion of mutation]
  4416 | D:4      | Gained mutation: You are resistant to electric shocks. (rElec) [potion of mutation]
  4416 | D:4      | Gained mutation: You have a beak for a mouth. [potion of mutation]
  4417 | D:4      | Lost mutation: You evolve. [potion of mutation]
  4417 | D:4      | Lost mutation: You have a beak for a mouth. [potion of mutation]
  4417 | D:4      | Gained mutation: You have large cloven feet. [potion of mutation]
  4417 | D:4      | Gained mutation: Your body sometimes deteriorates upon taking damage. [potion of mutation]
  4417 | D:4      | Gained mutation: You expend magic power (3 MP) to strengthen your wands. [potion of mutation]
  4482 | D:5      | Entered Level 5 of the Dungeon
  4517 | D:5      | Found an ancient bone altar of Kikubaaqudgha.
  4531 | D:5      | Reached skill level 7 in Maces & Flails
  4646 | D:5      | Found Wublil's Gadget Shop.
  4678 | D:5      | Noticed Edmund
  4688 | D:5      | Killed Edmund
  4688 | D:5      | Reached **** piety under Trog
  4690 | D:5      | Received a gift from Trog
  4713 | D:5      | Found Hyf Gyon's Assorted Antiques.
  4716 | D:5      | Gained mutation: You are partially covered in sharp spines. [demonic ancestry]
  4716 | D:5      | Reached XP level 8. HP: 61/61 MP: 8/8
  4730 | D:5      | Found Dekh's Book Shop.
  4752 | D:5      | Found Zedameud's General Store.
  4885 | D:5      | Found Asiong's Antique Weapon Boutique.
  4938 | D:5      | Found a burning altar of Makhleb.
  4978 | D:5      | Found a staircase to the Ecumenical Temple.
  5130 | D:6      | Found a hide-covered altar of Uskayaw.
  5223 | D:6      | Found an opulent altar of Gozag.
  5456 | D:6      | Reached skill level 8 in Maces & Flails
  5465 | D:6      | Found Zofud's Armour Emporium.
  5966 | D:7      | Found a blossoming altar of Fedhas.
  6150 | D:7      | Gained mutation: Your magical and physical power is slightly enhanced at high health. [demonic ancestry]
  6150 | D:7      | Reached XP level 9. HP: 48/67 MP: 9/9
  6275 | D:7      | Reached skill level 5 in Fighting
  6368 | D:7      | Reached skill level 9 in Maces & Flails
  6872 | D:8      | Noticed a two-headed ogre
  6888 | D:8      | Killed a two-headed ogre
  7073 | D:8      | Reached skill level 10 in Maces & Flails
  7117 | D:8      | Noticed Maurice
  7219 | D:8      | Noticed a two-headed ogre
  7228 | D:8      | Killed a two-headed ogre
  7467 | D:8      | Reached XP level 10. HP: 69/76 MP: 10/10
  7631 | D:8      | Reached skill level 5 in Shields
  7716 | D:8      | Found a roughly hewn altar of Beogh.
  7901 | D:8      | Killed Maurice
  8067 | D:9      | Reached skill level 11 in Maces & Flails
  8081 | D:9      | Found a basalt altar of Yredelemnul.
  8083 | D:9      | Found a radiant altar of Vehumet.
  8141 | D:9      | Found a shadowy altar of Dithmenos.
  8389 | D:9      | Noticed a three-headed hydra
  8623 | D:9      | Reached skill level 5 in Armour
  8894 | D:9      | Found Ytoetorch's Armour Boutique.
  9129 | D:10     | Entered Level 10 of the Dungeon
  9136 | D:10     | Reached skill level 12 in Maces & Flails
  9136 | D:10     | Gained mutation: You are mostly covered in sharp spines. [demonic ancestry]
  9136 | D:10     | Reached XP level 11. HP: 83/83 MP: 11/11
  9240 | D:10     | Noticed a two-headed ogre
  9248 | D:10     | Killed a two-headed ogre
  9248 | D:10     | Reached ***** piety under Trog
  9258 | D:10     | Found a staircase to the Lair.
  9761 | D:10     | Noticed Sonja
  9772 | D:10     | Noticed a two-headed ogre
  9780 | D:10     | Killed a two-headed ogre
  9791 | D:10     | Killed Sonja
  9887 | D:10     | Killed from afar by a swamp worm

Vault maps used:
D:1:      lightli_arrival_flooded_house, nemelex_diamond_rough_becter
D:2:      first_ration, grunt_decor_cap, st_stairs_8,
          nicolae_ru_the_path_less_chosen, uniq_jessica
D:3:      minmay_roachtagon, trog_eyes_of_draining, grunt_qazlal_sundering
D:4:      kennysheep_slug_shrine, uniq_menkaure, uniq_natasha
D:5:      kennysheep_vampire_church, minmay_temple_entry_poolview, basic_altar,
          serial_shops, shop_statue, shop_statue, shop, nicolae_shop_crystal,
          shop_fountains, uniq_edmund
D:6:      grunt_gozag_statues, lemuel_crystal_altar, serial_shops, shop
D:7:      nicolae_overflow_crystal_walls, serial_bayou, serial_bayou_pond_c
D:8:      special_room, uniq_maurice
D:9:      grunt_dithmenos_smoke_and_mirrors, grunt_temple_overflow_open,
          serial_shops, kennysheep_mini, hangedman_ranch
D:10:     dpeg_oklobed_lair, worms_lemuel, uniq_sonja

Skill      XL: |  1  2  3  4  5  6  7  8  9 10 |
---------------+-------------------------------+-----
Maces & Flails | 3 4 5 6 7 8 10 12 | 12.5
Dodging        | 2 3 4 |  4.6
Armour         | 2 3 4 5 |  5.4
Shields        | 1 2 3 4 6 |  6.9
Fighting       | 4 5 6 |  6.9

Action                   |  1- 3 |  4- 6 |  7- 9 | 10-12 || total
-------------------------+-------+-------+-------+-------++-------
Melee: Mace              |   116 |   180 |       |       ||   296
       Flail             |       |    13 |   333 |   333 ||   679
       Kick              |       |       |    88 |   120 ||   208
Invok: Berserk           |       |     1 |     2 |       ||     3
       Trog's Hand       |       |       |     2 |       ||     2
  Use: Scroll            |     2 |     2 |     3 |     7 ||    14
       Potion            |       |       |     2 |       ||     2
 Stab: Sleeping          |     2 |     1 |       |       ||     3
       Distracted        |       |     1 |     2 |     2 ||     5
  Eat: Chunk             |     2 |     4 |     9 |     8 ||    23
       Ration            |       |     1 |     2 |       ||     3
Armor: Animal skin       |    16 |     1 |       |       ||    17
       Scale mail        |       |    77 |    76 |    57 ||   210
Dodge: Dodged            |    83 |    54 |    66 |    78 ||   281
Block: Shield            |       |    68 |   191 |   219 ||   478

Table legend:
 A = Spawn XP
 B = Non-spawn XP
 C = Spawn XP percentage of total XP
 D = Spawn monster count
 E = Non-spawn monster count
 F = Spawn count percentage of total count
 G = Total turns spent on level
                    A         B        C        D         E        F      G
               +---------+---------+-------+---------+---------+-------+---------
         Total |       0 |   16438 |   0.0 |       0 |     271 |   0.0 |  9887
               +---------+---------+-------+---------+---------+-------+---------
           D:1 |       0 |      44 |   0.0 |       0 |      26 |   0.0 |  1241
           D:2 |       0 |      90 |   0.0 |       0 |      15 |   0.0 |  1237
           D:3 |       0 |     264 |   0.0 |       0 |      34 |   0.0 |   721
           D:4 |       0 |     736 |   0.0 |       0 |      28 |   0.0 |  1283
           D:5 |       0 |     342 |   0.0 |       0 |      13 |   0.0 |   642
           D:6 |       0 |     857 |   0.0 |       0 |      23 |   0.0 |   819
           D:7 |       0 |    1166 |   0.0 |       0 |      27 |   0.0 |   874
           D:8 |       0 |    3380 |   0.0 |       0 |      32 |   0.0 |  1143
           D:9 |       0 |    4069 |   0.0 |       0 |      36 |   0.0 |  1169
          D:10 |       0 |    5490 |   0.0 |       0 |      37 |   0.0 |   758
               +---------+---------+-------+---------+---------+-------+---------
